 Dungeon Crawl Stone Soup version 0.25-a0-420-g1cc7eeb0d1 (webtiles) character file.

Game seed: 17434186593353235355, levelgen mode: deterministic

186 Flubbersnuff the Chopper (level 5, 0/70 HPs)
             Began as a Minotaur Berserker on Jan 19, 2020.
             Was a Believer of Trog.
             Slain by an ogre
             ... wielding a +0 giant spiked club
              (25 damage)
             ... on level 3 of the Dungeon.
             The game lasted 00:06:31 (2756 turns).

Flubbersnuff the Chopper (Minotaur Berserker)       Turns: 2756, Time: 00:06:32

Health: 0/70       AC:  7    Str: 27    XL:     5   Next: 38%
Magic:  4/4        EV: 11    Int:  4    God:    Trog [**....]
Gold:   88         SH:  0    Dex: 10    Spells: 4/4 levels left

rFire    . . .     SeeInvis .   a - +0 hand axe
rCold    . . .     Gourm    .   (no shield)
rNeg     . . .     Faith    .   t - +0 scale mail
rPois    .         Spirit   .   (helmet restricted)
rElec    .         Reflect  .   (no cloak)
rCorr    .         Harm     .   (no gloves)
MR       .....                  (no boots)
Stlth    ..........             (no amulet)
HPRegen  0.21/turn              (no ring)
MPRegen  0.09/turn              (no ring)

@: berserking, very quick
A: retaliatory headbutt, horns 2
a: Berserk, Trog's Hand, Renounce Religion


You were on level 3 of the Dungeon.
You worshipped Trog.
Trog was pleased with you.
You were hungry.

You visited 1 branch of the dungeon, and saw 3 of its levels.

You collected 88 gold pieces.

Inventory:

Hand Weapons
 a - a +0 hand axe (weapon)
Armour
 t - a +0 scale mail (worn)
Jewellery
 h - an uncursed ring of positive energy {unknown}
 k - a +2 ring of evasion {unknown}
 q - an uncursed ring of fire {unknown}
 u - a +2 ring of protection
 v - an uncursed ring of positive energy {unknown}
Scrolls
 d - 3 scrolls of identify {unknown}
 f - 2 scrolls of amnesia {unknown}
 g - a scroll of magic mapping {unknown}
 i - 2 scrolls of immolation {unknown}
 j - 2 scrolls of teleportation {unknown}
 n - a scroll of fog {unknown}
 o - a scroll of remove curse {unknown}
 r - a scroll of enchant weapon {unknown}
Potions
 e - a potion of heal wounds {unknown}
 l - 3 potions of flight {unknown}
 m - a potion of magic {unknown}
 p - a potion of agility {unknown}
 s - 2 potions of curing
 w - a potion of mutation {unknown}
 x - a potion of berserk rage {unknown}
 z - a potion of brilliance {unknown}
Comestibles
 c - 2 rations


   Skills:
 + Level 4.6 Fighting
 * Level 5.4 Axes
 + Level 3.7 Armour
 + Level 3.3 Dodging


You had 4 spell levels left.
You didn't know any spells.
Your spell library was empty.

Dungeon Overview and Level Annotations

Branches:
Dungeon (3/15)

Altars:


Innate Abilities, Weirdness & Mutations

You reflexively headbutt those who attack you in melee.
You have a pair of horns on your head.


Message History

An ogre comes into view. It is wielding a +0 giant spiked club.
The ogre shouts!
You hit the ogre but do no damage. You headbutt the ogre.
The ogre is lightly wounded.
The ogre hits you with a +0 giant spiked club!!
Your scale mail prevents you from hitting the ogre.
You headbutt the ogre!
The ogre is heavily wounded.
The ogre hits you with a +0 giant spiked club!
You are too injured to fight recklessly!
A red film seems to cover your vision as you go berserk!
You feel yourself moving faster!
You feel mighty!
You are feeling hungry.
The ogre barely misses you.
You slash the ogre!
The ogre is almost dead.
You closely miss the ogre.
The ogre is almost dead.
The ogre hits you with a +0 giant spiked club!!
You die...

#### . #... ....######
#... ......O@.# #...
###.####.# #... #.#
#...
...####.############...
#................'...
#.....รท###########...
#>.....'.............
##.....#########...##
#.....# #...#


You could see an ogre.

Vanquished Creatures
  A crimson imp (D:3)
  An orc wizard (D:3)
  Jessica (D:3)
  Natasha (D:3)
  2 adders (D:2)
  A worm (D:3)
  A dart slug (D:2)
  A leopard gecko (D:3)
  6 orcs (D:3)
  3 giant cockroaches
  4 goblins
  4 hobgoblins
  A quokka (D:3)
  A bat (D:1)
  5 frilled lizards
  10 kobolds
  5 rats
48 creatures vanquished.

Notes
Turn   | Place    | Note
-------+----------+-------------------------------------------
     0 | D:1      | Flubbersnuff the Minotaur Berserker began the quest for the
                  | Orb.
     0 | D:1      | Reached XP level 1. HP: 19/19 MP: 0/0
   781 | D:1      | Reached XP level 2. HP: 27/27 MP: 1/1
   786 | D:1      | Reached skill level 4 in Axes
  1265 | D:2      | Reached XP level 3. HP: 33/33 MP: 2/2
  1410 | D:2      | Found a faded altar of an unknown god.
  1530 | D:2      | Reached ** piety under Trog
  1864 | D:3      | Noticed Jessica
  1867 | D:3      | Killed Jessica
  1867 | D:3      | Reached XP level 4. HP: 40/40 MP: 3/3
  2042 | D:3      | Reached skill level 5 in Axes
  2215 | D:3      | Reached XP level 5. HP: 35/47 MP: 4/4
  2532 | D:3      | Noticed Natasha
  2540 | D:3      | Killed Natasha
  2746 | D:3      | Noticed an ogre
  2756 | D:3      | Slain by an ogre

Levels and vault maps discovered:
D:1:      minmay_arrival_radiant_lines, layout_basic, st_stairs_6,
          minmay_cut_off
D:2:      layout_basic, chequers_ecumenical_altar_grove
D:3:      layout_basic, st_stairs_11, uniq_natasha, uniq_jessica

Skill      XL: |  1  2  3  4 |
---------------+-------------+-----
Axes           | 4 5 |  5.4
Fighting       | 4 |  4.6
Armour         | 3 |  3.7
Dodging        | 3 |  3.3

Action                   |  1- 3 |  4- 6 || total
-------------------------+-------+-------++-------
Melee: Hand axe          |    61 |    61 ||   122
       Headbutt          |     7 |    13 ||    20
Invok: Berserk           |     1 |     3 ||     4
       Trog's Hand       |       |     1 ||     1
  Eat: Chunk             |     3 |     6 ||     9
Armor: Animal skin       |     9 |       ||     9
       Scale mail        |       |    13 ||    13
Dodge: Dodged            |    43 |    22 ||    65

Table legend:
 A = Non-vault XP
 B = Vault XP
 C = Vault XP percentage of total XP
 D = Non-vault monster count
 E = Vault monster count
 F = Vault count percentage of total count
                 A         B        C        D         E       F
            +---------+---------+-------+---------+---------+-------
      Total |     186 |      80 |  30.1 |      40 |       8 |  16.7
            +---------+---------+-------+---------+---------+-------
        D:1 |       8 |       7 |  46.7 |       6 |       6 |  50.0
        D:2 |      48 |       0 |   0.0 |      15 |       0 |   0.0
        D:3 |     130 |      73 |  36.0 |      19 |       2 |   9.5
            +---------+---------+-------+---------+---------+-------
